 Dungeon Crawl Stone Soup version 0.29-a0-362-g5854e031c7 (webtiles) character file.

Game seed: 14754944138487458174

49 sammy202020 the Skirmisher (level 3, -4/29 HPs)
             Began as a Demonspawn Berserker on Apr 30, 2022.
             Was a Believer of Trog.
             Killed by nerve-wracking pain
             ... invoked by Grinder
              (13 damage)
             ... on level 3 of the Dungeon.
             The game lasted 00:03:17 (2390 turns).

sammy202020 the Skirmisher (Demonspawn Berserker)   Turns: 2390, Time: 00:03:18

Health: -4/29      AC:  9    Str: 17    XL:     3   Next: 53%
Magic:  0/3        EV:  8    Int: 10    God:    Trog [**....]
Gold:   118        SH:  0    Dex: 12    Spells: 2/2 levels left

rFire   . . .      SeeInvis .   a - +0 hand axe
rCold   . . .      Faith    .   (no shield)
rNeg    . . .      Spirit   +   l - +1 chain mail
rPois   .          Reflect  .   (no helmet)
rElec   .          Harm     .   (no cloak)
rCorr   .          Rampage  .   (no gloves)
Will    .....                   (no boots)
Stlth   ..........              d - amulet of guardian spirit
HPRegen 0.09/turn               (no ring)
MPRegen 0.08/turn               (no ring)

@: no status effects
A: hooves 1, sturdy frame 1
a: Renounce Religion, Berserk, Trog's Hand


You were on level 3 of the Dungeon.
You worshipped Trog.
Trog was pleased with you.
You visited 1 branch of the dungeon, and saw 3 of its levels.

You collected 118 gold pieces.

Inventory:

Hand Weapons
 a - a +0 hand axe (weapon)
Missiles
 g - 6 boomerangs (quivered)
Armour
 l - a +1 chain mail (worn)
Jewellery
 d - an amulet of guardian spirit (around neck)
Scrolls
 f - a scroll of identify
 h - 2 scrolls of teleportation
 i - a scroll of acquirement
Potions
 b - a potion of heal wounds
 c - a potion of invisibility
 e - a potion of degeneration
 k - a potion of curing {unknown}


   Skills:
 * Level 3.6 Fighting
 * Level 3.2 Axes
 + Level 2.1 Armour
 + Level 2.2 Dodging


You had 2 spell levels left.
You didn't know any spells.
Your spell library was empty.

Dungeon Overview and Level Annotations

Branches:
Dungeon (3/15)

Altars:

Annotations:
D:3 Grinder


Innate Abilities, Weirdness & Mutations

You have large cloven feet.
Your movements are slightly less encumbered by armour. (ER -2)


Message History

No target in view!
No target in view!
No target in view!
No target in view!
No target in view!
No target in view!
No target in view!
Unknown command.
As you read the scroll labelled OROGI ONOG, it crumbles to dust.
You feel strangely unstable.
It was a scroll of teleportation.
As you read the scroll labelled ASIM DAMNAYFEU, it crumbles to dust.
It is a scroll of identify.
b - a potion of heal wounds
As you read the scroll of identify, it crumbles to dust.
c - a potion of invisibility
As you read the scroll of identify, it crumbles to dust.
e - a potion of degeneration
As you read the scroll of identify, it crumbles to dust.
i - a scroll of acquirement Your surroundings suddenly seem different.
As you read the scroll labelled ZADEIFRIOKOPN, it crumbles to dust.
It is a scroll of enchant armour.
Your +0 chain mail glows green for a moment.
There is a stone staircase leading down here.
You climb downwards.
Grinder shouts!
There is a stone staircase leading up here.
You barely miss Grinder. Your kick misses Grinder. Grinder gestures at you.
You suddenly lose the ability to move!
Grinder hits you!
You writhe in agony.
Grinder hits you. Grinder hits you.
You writhe in agony.
You can move again.
You fail to use your ability.
Grinder completely misses you.
You hit Grinder. Your kick misses Grinder.
Grinder is lightly wounded.
Grinder gestures at you. Pain shoots through your body!
You die...

#### #####..#
#......##
#.......#####
##....#......##.
......5@<......#
##....####......
#... ..... #..
.... ## ... .. .


You could see Grinder.

Vanquished Creatures
  A dart slug (D:1)
  4 ball pythons (D:1)
  6 endoplasms
  A giant cockroach (D:1)
  7 goblins
  2 hobgoblins (D:1)
  4 jackals (D:2)
  2 quokkas (D:1)
  A bat (D:1)
  2 frilled lizards (D:1)
  4 kobolds
  6 rats
40 creatures vanquished.

Vanquished Creatures (others)
  3 plants (D:2)
3 creatures vanquished.

Grand Total: 43 creatures vanquished

Notes
Turn   | Place    | Note
-------+----------+-------------------------------------------
     0 | D:1      | sammy202020 the Demonspawn Berserker began the quest for
                  | the Orb.
     0 | D:1      | Reached XP level 1. HP: 18/18 MP: 1/1
    91 | D:1      | Gained mutation: Your movements are slightly less
                  | encumbered by armour. (ER -2) [demonic ancestry]
    91 | D:1      | Reached XP level 2. HP: 5/24 MP: 2/2
    93 | D:1      | HP: 1/24 [goblin/+0 dagger (4)]
  1094 | D:1      | Found a faded altar of an unknown god.
  1232 | D:1      | Gained mutation: You have large cloven feet. [demonic
                  | ancestry]
  1232 | D:1      | Reached XP level 3. HP: 29/29 MP: 3/3
  2051 | D:2      | Reached ** piety under Trog
  2379 | D:2      | Identified a scroll of acquirement
  2383 | D:3      | Noticed Grinder
  2385 | D:3      | Paralysed by Grinder for 4 turns
  2390 | D:3      | Killed from afar by Grinder

Illustrated notes

Levels and vault maps discovered:
D:1:      lemuel_arrival_river_ford, layout_loops_cross,
          hellmonk_ecumenical_altar_leap_of_faith, minmay_vboxes
D:2:      cheibrodos_old_hovel, layout_basic, serial_bayou_ford_a
D:3:      layout_rooms, riverfiend_overflow_shadow_ancestor, serial_shops, shop,
          uniq_natasha, uniq_grinder, uniq_ijyb

Skill      XL: |  1  2 |
---------------+-------+-----
Dodging        | 2 |  2.2
Armour         | 2 |  2.1
Axes           | 3 |  3.2
Fighting       | |  3.6

Action                   || total
-------------------------++-------
Melee: Hand axe          ||   101
       Punch             ||     2
       Kick              ||     8
Invok: Berserk           ||     1
  Use: Scroll            ||     6
Armor: Animal skin       ||     8
       Leather armour    ||    12
       Chain mail        ||     1
Dodge: Dodged            ||    57

Table legend: (Time is in decaauts)
 A = Elapsed time spent in this place.
 B = Non-inter-level travel time spent in this place.
 C = Inter-level travel time spent in this place.
 D = Time resting spent in this place.
 E = Time spent auto-exploring this place.
 F = Levels seen in this place.
 G = Mean time per level.
                   A        B        C        D        E       F      G
               +--------+--------+--------+--------+--------+-----+--------+
         Total |   2440 |   2409 |     31 |    425 |   1600 |   3 |  813.3 |
       Dungeon |   2440 |   2409 |     31 |    425 |   1600 |   3 |  813.3 |
               +--------+--------+--------+--------+--------+-----+--------+

Top non-repeatable levels by time:
     D:1: 1536 daAuts
     D:2: 898 daAuts
     D:3: 6 daAuts
